 Dungeon Crawl Stone Soup version 0.31-a0-1074-g0b22e4e0f1 (webtiles) character file.

Game seed: 18380802196481084230

17766 Arex the Fighter (level 12, -1/99 HPs)
             Began as a Demonspawn Fighter on Nov 27, 2023.
             Was a High Priest of Ru.
             Succumbed to a cane toad's poison
             ... on level 3 of the Lair of Beasts on Dec 2, 2023.
             The game lasted 00:29:11 (17090 turns).

Arex the Fighter (Demonspawn Fighter)              Turns: 17090, Time: 00:29:12

Health: -1/99      AC: 25    Str: 34    XL:     12   Next: 21%
Magic:  12/12      EV:  8    Int:  9    God:    Ru [*****.]
Gold:   798        SH:  6    Dex: 13    Spells: 11/11 levels left

rFire   . .          .
                       - Unarmed
rCold   . . .        b - +0 buckler
rNeg    . . .        c - +0 plate armour
rPois   .            k - +2 helmet
rElec   .            l - +1 cloak
rCorr   .            D - +0 pair of gloves
SInv    .            r - +0 pair of boots
Will    .....        (no amulet) Stlth
                     a - +6 ring of strength
HPRegen 0.36/turn    E - +6 ring of strength
MPRegen 0.13/turn

%: no passive effects
@: lethally poisoned (-1 -> -20), hasted (expiring), very quick
A: yellow scales 1, powered by death 2, no stealth, inability to use devices,
hated by all, no conjurations magic, no earth magic, no transmutations magic,
demonic magic 1, demonic touch 1, no forms
a: Renounce Religion, Draw Out Power, Power Leap, Apocalypse


You were on level 3 of the Lair of Beasts.
You worshipped Ru.
Ru was extremely pleased with you.
You visited 2 branches of the dungeon, and saw 13 of its levels.
You also visited: Ossuary.

You collected 798 gold pieces.

Inventory:

Hand Weapons
 N - a +5 scimitar of flaming
Armour
 b - a +0 buckler (worn)
 c - a +0 plate armour (worn)
 k - a +2 helmet (worn)
 l - a +1 cloak (worn)
 r - a +0 pair of boots (worn)
 D - a +0 pair of gloves (worn)
Jewellery
 a - a +6 ring of strength (left hand)
 d - a ring of fire
 f - an amulet of faith
 E - a +6 ring of strength (right hand)
 G - an amulet of reflection
 I - an amulet of guardian spirit
 J - a ring of magical power
Scrolls
 e - a scroll of torment
 h - 2 scrolls of amnesia
 m - 2 scrolls of fog
 n - 11 scrolls of noise
 o - 4 scrolls of teleportation
 p - 2 scrolls of enchant armour
 q - 2 scrolls of vulnerability
 u - 2 scrolls of immolation
 w - a scroll of silence
 y - a scroll of revelation
 B - 3 scrolls of butterflies
 M - a scroll of fear
Potions
 g - 3 potions of enlightenment
 i - 2 potions of brilliance
 j - 3 potions of attraction
 s - a potion of haste
 t - 3 potions of curing
 v - 2 potions of lignification
 x - 2 potions of magic
 z - 3 potions of heal wounds
 A - a potion of mutation {unknown}
 C - a potion of invisibility {unknown}
 K - a potion of ambrosia


   Skills:
 + Level 10.7 Fighting
 + Level 9.8 Armour
 + Level 9.8 Shields
 + Level 9.6 Unarmed Combat


You had 11 spell levels left.
You didn't know any spells.
Your spell library contained the following spells:

 Spells                   Type           Power      Damage    Failure   Level
 Apportation              Tloc           0%         N/A       95%         1
 Necrotise                Necr           0%         1d4       95%         1
 Slow                     Hex            0%         N/A       95%         1
 Blink                    Tloc           0%         N/A       98%         2
 Ensorcelled Hibernation  Hex/Ice        0%         N/A       98%         2
 Jinxbite                 Hex            0%         N/A       98%         2
 Sublimation of Blood     Necr           0%         N/A       98%         2
 Confusing Touch          Hex            0%         N/A       100%        3
 Gell's Gravitas          Tloc           0%         N/A       100%        3
 Inner Flame              Hex/Fire       0%         N/A       100%        3
 Sigil of Binding         Hex            0%         N/A       100%        3
 Swiftness                Air            0%         N/A       100%        3
 Teleport Other           Tloc           0%         N/A       100%        3
 Vampiric Draining        Necr           0%         2d6       100%        3
 Dimensional Bullseye     Hex/Tloc       0%         N/A       100%        4
 Manifold Assault         Tloc           0%         N/A       100%        4
 Dispersal                Tloc           0%         N/A       100%        6
 Summon Small Mammal      Summ           Unusable   N/A       N/A         1
 Passwall                 Tmut/Erth      Unusable   N/A       N/A         2
 Wereblood                Tmut           Unusable   N/A       N/A         2
 Hailstorm                Conj/Ice       Unusable   3d3       N/A         3
 Stone Arrow              Conj/Erth      Unusable   3d7       N/A         3
 Flame Wave               Conj/Fire      Unusable   2d4       N/A         4
 Sticky Flame             Conj/Fire      Unusable   2d3       N/A         4
 Summon Ice Beast         Ice/Summ       Unusable   N/A       N/A         4
 Borgnjor's Vile Clutch   Necr/Erth      Unusable   N/A       N/A         5
 Simulacrum               Ice/Necr       Unusable   N/A       N/A         6
 Summon Hydra             Summ           Unusable   N/A       N/A         7

Dungeon Overview and Level Annotations

Branches:
Dungeon (10/15)            Temple (0/1) D:6            Lair (3/5) D:9
 Shoals (0/4) Lair:2       Spider (0/4) Lair:2          Orc (0/2) D:9
Ossuary (visited)

Altars:
Ru

Shops:
D:5 :   D:6 *

Annotations:
D:4 Edmund
D:6 exclusion: upstairs


Innate Abilities, Weirdness & Mutations

You are partially covered in yellow scales. (AC +2)
You regenerate health from kills.
You cannot be stealthy.
You cannot study or use magical devices.
You are hated by all.
You cannot study or cast Conjurations magic.
You cannot study or cast Earth magic.
You cannot study or cast Transmutations magic.
Spells you cast may paralyse adjacent enemies.
Your touch may inflict minor irresistible damage on your foes.
You cannot voluntarily change form.


Message History

You block the skyshark's attack.
You hit the skyshark but do no damage.
The skyshark is severely wounded.
The skyshark is stunned by your conviction and fails to attack.
The cane toad stings you.
You are poisoned.
The cane toad poisons you!
You punch the skyshark!
The skyshark is almost dead.
You feel sick. The skyshark bites you!
* * * LOW HITPOINT WARNING * * *
You block the skyshark's attack.
The skyshark tail-slaps you but does no damage.
You punch the skyshark!
The skyshark is almost dead.
You feel sick. The skyshark bites you.
* * * LOW HITPOINT WARNING * * *
The skyshark tail-slaps you but does no damage.
The skyshark tail-slaps you.
* * * LOW HITPOINT WARNING * * *
The cane toad stings you.
* * * LOW HITPOINT WARNING * * *
You are more poisoned.
The cane toad poisons you!
You hit the skyshark but do no damage.
The skyshark is almost dead.
Your extra speed is starting to run out.
* * * LOW HITPOINT WARNING * * *
You feel very sick.
The skyshark bites you but does no damage.
The skyshark tail-slaps you but does no damage.
The skyshark barely misses you.
You hit the skyshark but do no damage.
The skyshark is almost dead.
* * * LOW HITPOINT WARNING * * *
You feel very sick. The cane toad closely misses you.
You punch the cane toad!
The cane toad is moderately wounded.
You die...

.....###
.#..P..........###
.....
###...........###
##...........##
##......$.....###
.##...............#
........)........##
..................#
...!..............#
..........F@......#
............l....##
.................#
.................#
.................#
##...............
...#............
...............


You could see a skyshark (berserk) and a cane toad.

Vanquished Creatures
  Rupert (Lair:3)
  A hydra (Lair:2)
  A two-headed ogre (D:8)
  Erica (D:9)
  A pharaoh ant (Lair:2)
  Maurice (D:8)
  Joseph (D:9)
  7 cane toads
  A gargoyle (D:10)
  A rime drake (Lair:1)
  3 komodo dragons
  A polar bear (Lair:1)
  A hornet (D:7)
  3 merfolk (Lair:2)
  Grinder (D:6)
  A shadow (D:9)
  18 yaks
  3 wyverns
  A basilisk (Lair:2)
  3 steam dragons
  A redback (Lair:2)
  An acid dragon (D:8)
  9 water moccasins
  6 orc warriors
  A black bear (D:4)
  An ice beast (D:7)
  4 ogres
  6 centaurs
  8 bullfrogs
  5 scorpions
  9 wights
  3 killer bees (D:9)
  An electric eel (Lair:2)
  2 centaur zombies (Ossuary)
  A human zombie (Ossuary)
  A hound (D:4)
  2 jellies
  12 orc priests
  Terence (D:3)
  4 iguanas
  2 sleepcaps (D:7)
  Natasha (thrice) (D:2)
  15 orc wizards
  3 mummies (Ossuary)
  Robin (D:2)
  11 adders
  3 white imps
  3 worms
  3 dart slugs
  60 orcs
  3 bats
  8 endoplasms
  2 giant cockroaches
  12 goblins
  17 hobgoblins
  6 jackals
  4 kobolds
  3 quokkas
  4 ball pythons
  4 frilled lizards
  2 gnoll zombies (Ossuary)
  A hobgoblin zombie (Ossuary)
  2 orc zombies (Ossuary)
  7 rats
308 creatures vanquished.

Vanquished Creatures (others)
  A hydra (Lair:2)
  An orc warrior (D:9)
  An orc wizard (D:3)
  An adder (D:6)
  An orc (D:9)
5 creatures vanquished.

Grand Total: 313 creatures vanquished

Notes
Turn   | Place    | Note
-------+----------+-------------------------------------------
     0 | D:1      | Arex the Demonspawn Fighter began the quest for the Orb.
     0 | D:1      | Reached XP level 1. HP: 18/18 MP: 1/1
   342 | D:1      | Gained mutation: You regenerate a little health from kills.
                  | [demonic ancestry]
   342 | D:1      | Reached XP level 2. HP: 11/24 MP: 2/2
  1168 | D:2      | Gained mutation: Your touch may inflict minor irresistible
                  | damage on your foes. [demonic ancestry]
  1168 | D:2      | Reached XP level 3. HP: 29/29 MP: 3/3
  1268 | D:2      | Noticed Robin
  1449 | D:2      | Noticed Natasha
  1454 | D:2      | Killed Natasha
  1455 | D:2      | Gained mutation: You are partially covered in yellow
                  | scales. (AC +2) [demonic ancestry]
  1455 | D:2      | Reached XP level 4. HP: 26/36 MP: 4/4
  1554 | D:2      | Killed Robin
  1662 | D:2      | Noticed Natasha
  1685 | D:2      | Killed Natasha
  1859 | D:2      | Noticed Natasha
  1880 | D:2      | Killed Natasha
  1881 | D:2      | Reached XP level 5. HP: 14/42 MP: 5/5
  2144 | D:3      | Noticed Terence
  2224 | D:3      | Reached skill level 4 in Fighting
  3297 | D:4      | Reached XP level 6. HP: 28/48 MP: 6/6
  3389 | D:3      | Killed Terence
  3903 | D:4      | Noticed Edmund
  3988 | D:5      | Entered Level 5 of the Dungeon
  4477 | D:5      | Found a sacrificial altar of Ru.
  4556 | D:5      | Became a worshipper of Ru the Awakened
  4576 | D:5      | Found Efrar's Book Boutique.
  4757 | D:5      | Found a sand-covered staircase.
  4776 | Ossuary  | Entered an ossuary
  4817 | Ossuary  | Gained mutation: You regenerate health from kills. [demonic
                  | ancestry]
  4817 | Ossuary  | Reached XP level 7. HP: 55/55 MP: 7/7
  5748 | D:6      | Noticed Grinder
  5852 | D:6      | Reached skill level 5 in Fighting
  5891 | D:6      | Gained mutation: You are hated by all. [Ru sacrifice]
  5891 | D:6      | Reached * piety under Ru
  6184 | D:6      | Found a staircase to the Ecumenical Temple.
  6347 | D:6      | Reached skill level 5 in Armour
  6347 | D:6      | Reached skill level 5 in Shields
  6347 | D:6      | Reached XP level 8. HP: 32/63 MP: 8/8
  6392 | D:6      | Found Oppunno's Elemental Accessories.
  6464 | D:6      | Killed Grinder
  7121 | D:4      | Reached skill level 5 in Unarmed Combat
  7126 | D:4      | Reached skill level 6 in Fighting
  8070 | D:7      | Gained mutation: You cannot voluntarily change form. [Ru
                  | sacrifice]
  8070 | D:7      | Reached ** piety under Ru
  8214 | D:7      | Reached XP level 9. HP: 71/71 MP: 9/9
  8605 | D:7      | Paralysed by a hornet for 3 turns
  8617 | D:7      | Paralysed by a hornet for 1 turns
  8623 | D:7      | HP: 5/106 [poisoned by a hornet]
  8625 | D:7      | Reached skill level 7 in Fighting
  9033 | D:8      | Noticed a two-headed ogre
  9105 | D:8      | Killed a two-headed ogre
  9915 | D:9      | Noticed Maurice
  9923 | D:8      | Maurice stole 386 gold
  9932 | D:8      | Something stole a ring of fire
  9937 | D:8      | Something stole a throwing net
  9965 | D:8      | Killed Maurice
  9966 | D:8      | Reached XP level 10. HP: 36/79 MP: 8/10
 10075 | D:8      | Reached skill level 8 in Fighting
 10106 | D:8      | Gained mutation: You cannot study or use magical devices.
                  | [Ru sacrifice]
 10106 | D:8      | Reached *** piety under Ru
 10951 | D:9      | Found a staircase to the Orcish Mines.
 10995 | D:9      | Noticed Erica
 11004 | D:9      | Killed Erica
 11075 | D:9      | Reached skill level 9 in Fighting
 11088 | D:9      | Noticed Joseph
 11112 | D:9      | Killed Joseph
 11205 | D:9      | Gained mutation: You cannot be stealthy. [Ru sacrifice]
 11205 | D:9      | Reached **** piety under Ru
 11210 | D:9      | Found a staircase to the Lair.
 11879 | D:10     | Entered Level 10 of the Dungeon
 11894 | D:10     | Noticed a gargoyle
 11897 | D:10     | Gained mutation: Spells you cast may paralyse adjacent
                  | enemies. [demonic ancestry]
 11897 | D:10     | Reached XP level 11. HP: 82/89 MP: 11/11
 12015 | D:10     | Noticed a tengu warrior
 12020 | D:10     | Noticed a tengu warrior
 12371 | Lair:1   | Entered Level 1 of the Lair of Beasts
 12428 | Lair:1   | Got the Directory of Spelunking and the Faeries
 13701 | Lair:2   | Gained mutation: You cannot study or cast Earth magic. [Ru
                  | sacrifice]
 13701 | Lair:2   | Gained mutation: You cannot study or cast Transmutations
                  | magic. [Ru sacrifice]
 13701 | Lair:2   | Gained mutation: You cannot study or cast Conjurations
                  | magic. [Ru sacrifice]
 13701 | Lair:2   | Reached ***** piety under Ru
 13720 | Lair:2   | Found a hole to the Spider Nest.
 13720 | Lair:2   | Noticed a pharaoh ant
 13729 | Lair:2   | Killed a pharaoh ant
 14146 | Lair:2   | Reached skill level 10 in Fighting
 15290 | Lair:2   | Noticed a seven-headed hydra
 15301 | Lair:2   | Killed a two-headed hydra
 15441 | Lair:2   | Noticed a six-headed hydra
 15451 | Lair:2   | Killed a one-headed hydra
 15452 | Lair:2   | Reached XP level 12. HP: 58/98 MP: 12/12
 16396 | Lair:2   | Found a staircase to the Shoals.
 17045 | Lair:3   | Noticed Rupert
 17067 | Lair:3   | Killed Rupert
 17089 | Lair:3   | HP: 2/99 [poisoned by a cane toad]
 17090 | Lair:3   | Succumbed to a cane toad's poison

Illustrated notes

Levels and vault maps discovered:
D:1:      enne_arrival_octagon_isle, layout_loops_corners
D:2:      layout_basic, uniq_robin, uniq_natasha
D:3:      layout_rooms, uniq_terence
D:4:      layout_basic, serial_curves, eino_curves_01, eino_curves_04,
          eino_curves_02, uniq_edmund
D:5:      layout_layer_cave, nicolae_overflow_crystal_walls, serial_shops,
          nicolae_shop_advertising_works [nicolae_subvault_shop_adworks],
          nicolae_ossuary_entry_plus
D:6:      layout_layer_cave, minmay_temple_entry_trees, nicolae_elemental_shop,
          minmay_pentangle, uniq_grinder
D:7:      layout_loops_ring, mainiacjoe_overflow_alcove_4
D:8:      layout_rooms, overflow_temple_1_default, special_room
          [special_room_orc]
D:9:      layout_layer_cave, lair_entry_dummy, hiddenorc1_lemuel,
          glass_columns_b, kennysheep_generic_room_2, uniq_erica, uniq_maurice,
          uniq_joseph
D:10:     layout_basic, marbit_many_paths, serial_shops,
          nicolae_inconvenience_store
Lair:1:   layout_loops_ring, enter_volcano_4, infiniplex_staircase_pool
Lair:2:   layout_hall_layers, elwin_shoals_entry_rooms,
          nicolae_spider_entry_lesser_pyramids, nicolae_quartered_pool_medium
Lair:3:   layout_gridlike, wad_woods_road_03, uniq_rupert

Skill      XL: |  1  2  3  4  5  6  7  8  9 10 11 |
---------------+----------------------------------+-----
Unarmed Combat | 2 3 4 5 6 8 9 |  9.6
Armour         | 3 4 5 6 7 8 9 |  9.8
Shields        | 3 4 5 6 7 8 9 |  9.8
Fighting       | 4 5 6 7 9 10 | 10.7

Action                     |  1- 3 |  4- 6 |  7- 9 | 10-12 || total
---------------------------+-------+-------+-------+-------++-------
  Melee: Unarmed           |   155 |   399 |   492 |   715 ||  1761
         Scimitar          |       |       |       |    13 ||    13
 Invoke: Sacrifice Love    |       |       |     1 |       ||     1
         Sacrifice Forms   |       |       |     1 |       ||     1
         Sacrifice Stealth |       |       |       |     1 ||     1
         Sacrifice Artific |       |       |       |     1 ||     1
         Draw Out Power    |       |       |       |     2 ||     2
         Power Leap        |       |       |       |     1 ||     1
         Sacrifice Arcana  |       |       |       |     1 ||     1
  Evoke: Wand              |       |     5 |    26 |     1 ||    32
    Use: Scroll            |     5 |     9 |     9 |     6 ||    29
         Potion            |       |     1 |     5 |     6 ||    12
   Stab: Distracted        |       |       |     1 |     6 ||     7
         Invisible         |       |       |       |     4 ||     4
 Armour: Scale mail        |   100 |   322 |   251 |       ||   673
         Plate armour      |       |       |    75 |   524 ||   599
         Chain mail        |       |       |    18 |       ||    18
  Dodge: Dodged            |    34 |   167 |   169 |   172 ||   542
  Block: Buckler           |    24 |    69 |    85 |   153 ||   331

Table legend: (Time is in decaauts)
 A = Elapsed time spent in this place.
 B = Non-inter-level travel time spent in this place.
 C = Inter-level travel time spent in this place.
 D = Time resting spent in this place.
 E = Time spent auto-exploring this place.
 F = Levels seen in this place.
 G = Mean time per level.
                   A        B        C        D        E       F      G
               +--------+--------+--------+--------+--------+-----+--------+
         Total |  16945 |  16469 |    476 |   4186 |   8949 |  14 | 1210.4 |
       Dungeon |  11827 |  11408 |    419 |   2062 |   6768 |  10 | 1182.7 |
          Lair |   4660 |   4603 |     57 |   1960 |   2099 |   3 | 1553.3 |
       Ossuary |    458 |    458 |      0 |    164 |     82 |   1 |  458.0 |
               +--------+--------+--------+--------+--------+-----+--------+

Top non-repeatable levels by time:
  Lair:2: 3416 daAuts
     D:9: 1888 daAuts
     D:4: 1524 daAuts
     D:6: 1350 daAuts
     D:2: 1320 daAuts
     D:5: 1307 daAuts
     D:8: 1184 daAuts
     D:1: 1132 daAuts
  Lair:1: 1106 daAuts
     D:7: 1072 daAuts
     D:3: 881 daAuts
 Ossuary: 458 daAuts
    D:10: 165 daAuts
  Lair:3: 137 daAuts
